 Dungeon Crawl Stone Soup version 0.19.5 (webtiles) character file.

31 tidbits the Magician (level 3, -3/21 HPs)
             Began as a High Elf Wanderer on Oct 28, 2017.
             Shot with an arrow by a centaur (8 damage)
             ... on level 3 of the Dungeon.
             The game lasted 00:04:31 (371 turns).

tidbits the Magician (High Elf Wanderer)             Turns: 371, Time: 00:04:32

Health: -3/21      AC:  2    Str: 12    XL:     3   Next: 7%
Magic:  8/10       EV: 11    Int: 13    God:
Gold:   45         SH:  0    Dex: 17    Spells: 3 memorised, 4 levels left

rFire  . . .     SeeInvis .     a - +0 falchion
rCold  . . .     Gourm    .     d - +0 robe
rNeg   . . .     Faith    .     (no shield)
rPois  .         Spirit   .     (no helmet)
rElec  .         Reflect  .     (no cloak)
rCorr  .         Harm     .     (no gloves)
MR     .....                    (no boots)
Stlth  ++........               (no amulet)
                                (no ring)
                                (no ring)

@: no status effects
A: no striking features
a: no special abilities


You were on level 3 of the Dungeon.
You were not hungry.

You visited 1 branch of the dungeon, and saw 4 of its levels.

You collected 45 gold pieces.

Inventory:

Hand Weapons
 a - a +0 falchion (weapon)
   (You found it on level 2 of the Dungeon)
 b - a +0 dagger
Missiles
 k - 11 arrows
 l - 30 stones (quivered)
Armour
 d - a +0 robe (worn)
Wands
 j - a wand of confusion (15/48)
 p - a wand of slowing (10/48)
   (You found it on level 3 of the Dungeon)
Scrolls
 g - 2 scrolls of identify {unknown}
 h - a scroll of recharging {unknown}
 m - a scroll of magic mapping {unknown}
 o - a scroll of amnesia {unknown}
 q - a scroll of enchant weapon {unknown}
Potions
 i - a potion of curing {unknown}
 n - a potion of heal wounds
Books
 c - the Guide on the Birds

   Spells                             Type                      Level
   a - Shock                          Conjuration/Air              1
   b - Static Discharge               Conjuration/Air              3
 e - the Handbook of Feathers

   Spells                             Type                      Level
   a - Shock                          Conjuration/Air              1
   b - Mephitic Cloud                 Conjuration/Poison/Air       3
Comestibles
 f - a bread ration


   Skills:
   Level 1.0 Shields
 - Level 4.8 Spellcasting
 + Level 2.1 Conjurations
   Level 1.2 Charms
   Level 3.2 Transmutations
 + Level 2.1 Air Magic
 - Level 1.0 Evocations


You had 4 spell levels left.
You knew the following spells:

 Your Spells              Type           Power        Failure   Level  Hunger
a - Shock                 Conj/Air       #...         10%         1    None
d - Static Discharge      Conj/Air       #.......     28%         3    ###....
m - Mephitic Cloud        Conj/Pois/Air  #.......     34%         3    ###....


Dungeon Overview and Level Annotations

Branches:
Dungeon (4/15)
 Temple: D:4-7

Altars:


Message History

* * * LOW HITPOINT WARNING * * *
You feel sick. The adder misses you.
Casting: Shock
Confirm with . or Enter, or press ? or * to list all spells.
Aiming: Shock
Press: ? - help, Shift-Dir - straight line The zap hits the adder.
The adder is moderately wounded.
The zap hits the giant cockroach.
The giant cockroach is moderately wounded.
The zap hits the giant cockroach.
The giant cockroach is severely wounded.
The zap hits the adder.
The adder is heavily wounded.
* * * LOW HITPOINT WARNING * * *
You feel sick. The adder barely misses you.
You riposte.
You hit the adder.
You kill the adder!
Your Conjurations skill increases to level 2!
Your Air Magic skill increases to level 2!
You have reached level 3!
Your experience leads to an increase in your attributes!
Increase (S)trength, (I)ntelligence, or (D)exterity?
You feel stronger.
You feel agile.
Unknown command.
Casting: Shock
Confirm with . or Enter, or press ? or * to list all spells.
Aiming: Shock
Press: ? - help, Shift-Dir - straight line The zap hits the giant cockroach.
You kill the giant cockroach!
You see here a giant cockroach corpse.
* * * LOW HITPOINT WARNING * * *
You feel sick.
It was a potion of heal wounds.
You feel much better.
You feel sick.
There is an open door here.
You feel sick.
You feel sick.
Found a stone staircase leading down.
There is a stone staircase leading down here.
You climb downwards.
Found a scroll labeled ZYLLIA RE SITHRA.
There is a stone staircase leading up here.
You feel sick.
q - a scroll labeled ZYLLIA RE SITHRA You feel sick.
You are no longer poisoned.
Found a stone staircase leading down.
Found two chain mails and 18 stones.
Found a stone staircase leading up.
There is a stone staircase leading up here.
You climb upwards.
A frilled lizard comes into view.
The frilled lizard barely misses you.
You riposte.
You miss the frilled lizard.
Found an escape hatch in the ceiling.
There is a stone staircase leading down here.
You miss the frilled lizard. The frilled lizard bites you.
The frilled lizard bites you but does no damage.
You closely miss the frilled lizard. The frilled lizard bites you.
You closely miss the frilled lizard. The frilled lizard barely misses you.
You miss the frilled lizard. The frilled lizard misses you.
The frilled lizard bites you.
You closely miss the frilled lizard.
The frilled lizard bites you but does no damage.
You closely miss the frilled lizard. The frilled lizard closely misses you.
You riposte.
You miss the frilled lizard.
Your magical contamination has completely faded away.
You closely miss the frilled lizard.
The frilled lizard bites you but does no damage. x2
Casting: Shock
Confirm with . or Enter, or press ? or * to list all spells.
Aiming: Shock
Press: ? - help, Shift-Dir - straight line, f - frilled lizard
Aim: a frilled lizard The zap hits the frilled lizard.
You kill the frilled lizard!
Memorise Static Discharge, consuming 3 spell levels and leaving 7?
You start memorising the spell.
You continue memorising. x3
You finish memorising.
Spell assigned to 'b'.
Memorise Mephitic Cloud, consuming 3 spell levels and leaving 4?
You start memorising the spell.
You continue memorising. x3
You finish memorising.
Spell assigned to 'c'.
Adjust (i)tems, (s)pells, or (a)bilities?
Adjust which spell? c - Mephitic Cloud Adjust to which letter? m - Mephitic Cloud Adjust (i)tems, (s)pells, or (a)bilities?
Adjust which spell? b - Static Discharge Adjust to which letter? d - Static Discharge A centaur comes into view.
The centaur shouts!
The centaur wields a shortbow.
The centaur shoots an arrow.
The arrow hits you!
Ouch! That really hurt!
* * * LOW HITPOINT WARNING * * *
Found 30 stones.
You see here an arrow.
The centaur shoots an arrow.
The arrow hits you!
You die...

#.........( .
#.......c.. .
#.......... . #
#+ #.......... .
#.##. #..........
. #..#.#
#.......... .
#.#.###..(.......
#
#................
#......@.........
#....<...########
#........#
#........#
#..>.....#
#........#
#........#
#........#
#........#


You could see a centaur.

Vanquished Creatures
  An adder (D:3)
  A dart slug (D:3)
  A leopard gecko (D:2)
  2 giant cockroaches (D:3)
  4 jackals (D:3)
  A kobold (D:2)
  A quokka (D:3)
  4 bats
  2 frilled lizards
  2 goblins (D:1)
19 creatures vanquished.

Notes
Turn   | Place    | Note
-------+----------+-------------------------------------------
     0 | D:1      | tidbits the High Elf Wanderer began the quest for the Orb.
     0 | D:1      | tidbits set off with: a wand of confusion (15/48), the Handbook of Feathers, the Guide on the Birds, a +0 robe, a +0 dagger, a bread ration
     0 | D:1      | Reached XP level 1. HP: 11/11 MP: 7/7
     0 | D:1      | Identified the Handbook of Feathers
     0 | D:1      | Identified the Guide on the Birds
     2 | D:1      | Learned a level 1 spell: Shock
   154 | D:2      | Reached skill level 1 in Conjurations
   154 | D:2      | Reached skill level 1 in Air Magic
   172 | D:2      | Reached XP level 2. HP: 17/17 MP: 3/8
   316 | D:3      | Reached skill level 2 in Conjurations
   316 | D:3      | Reached skill level 2 in Air Magic
   316 | D:3      | Reached XP level 3. HP: 7/21 MP: 3/10
   360 | D:3      | Learned a level 3 spell: Static Discharge
   364 | D:3      | Learned a level 3 spell: Mephitic Cloud
   369 | D:3      | Noticed a centaur
   371 | D:3      | Shot with an arrow by a centaur

Skill      XL: |  1  2 |
---------------+-------+-----
Conjurations   | 1 2 |  2.1
Air Magic      | 1 2 |  2.1
Shields        | |  1.0
Spellcasting   | |  4.8
Charms         | |  1.2
Transmutations | |  3.2
Evocations     | |  1.0

Action                   || total
-------------------------++-------
Melee: Falchion          ||    10
 Cast: Shock             ||    27
  Use: Potion            ||     1
Armor: Robe              ||    13
Dodge: Dodged            ||    13
       Rpst.: Falchion   ||     4

Table legend:
 A = Turns spent in this place as a percentage of turns spent in the entire game.
 B = Non-inter-level travel turns spent in this place as a percentage of non-inter-level travel turns spent in the entire game.
 C = Inter-level travel turns spent in this place as a percentage of turns spent in this place.
 D = Turns resting spent in this place as a percentage of non-inter-level travel turns spent in this place.
 E = Turns spent auto-exploring this place as a percentage of non-inter-level travel turns spent in this place.
 F = Non-inter-level travel turns spent in this place divided by the number of levels of this place that you've seen.
                   A       B       C       D       E      F
               +-------+-------+-------+-------+-------+----------------------
         Total | 100.0 | 100.0 |   0.0 |   0.0 |   0.0 |  88.5
       Dungeon | 100.0 | 100.0 |   0.0 |   0.0 |   0.0 |  88.5
               +-------+-------+-------+-------+-------+----------------------

Table legend:
 A = Kills in this place as a percentage of kills in entire the game.
 B = Kills by you in this place as a percentage of kills by you in the entire game.
 C = Kills by friends in this place as a percentage of kills by friends in the entire game.
 D = Other kills in this place as a percentage of other kills in the entire game.
 E = Experience gained in this place as a percentage of experience gained in the entire game.
 F = Experience gained in this place divided by the number of levels of this place that you have seen.
                   A       B       C       D       E      F
               +-------+-------+-------+-------+-------+----------------------
         Total | 100.0 | 100.0 |  -nan |  -nan | 100.0 |  11.2
       Dungeon | 100.0 | 100.0 |  -nan |  -nan | 100.0 |  11.2
               +-------+-------+-------+-------+-------+----------------------

Vault maps used:
D:1:      doesnt_arrival_goblin_jail
D:3:      uniq_robin
D:4:      minmay_temple_entry_mist, first_bread
